 Dungeon Crawl Stone Soup version 0.26-a0-812-g31a745ddcd (webtiles) character file.

Game seed: 2913400753103955738

10293 snetch the Cleaver (level 11, 0/99 HPs)
             Began as a Hill Orc Monk on Nov 13, 2020.
             Was an Elder of Beogh.
             Slain by an unseen horror (4 damage)
             ... on level 13 of the Dungeon.
             The game lasted 00:41:27 (12527 turns).

snetch the Cleaver (Hill Orc Monk)                 Turns: 12527, Time: 00:41:28

Health: 0/99       AC: 20    Str: 18    XL:     11   Next: 59%
Magic:  11/11      EV:  8    Int: 18    God:    Beogh [****..]
Gold:   630        SH:  0    Dex: 17    Spells: 10/10 levels left

rFire    + . .     SeeInvis .   a - +2 broad axe of Law {vorpal, *Contam MR+ Int+8 Dex+4}
rCold    . . .     Faith    .   (no shield)
rNeg     . . .     Spirit   .   R - +0 plate armour (curse)
rPois    .         Reflect  .   K - +2 helmet
rElec    .         Harm     .   U - +0 cloak
rCorr    .         Rampage  .   (no gloves)
MR       +....                  (no boots)
Stlth    ..........             y - amulet of regeneration
HPRegen  0.66/turn              (no ring)
MPRegen  0.12/turn              x - ring of protection from fire

@: no status effects
A: no striking features
a: Smiting, Recall Orcish Followers, Renounce Religion


You were on level 13 of the Dungeon.
You worshipped Beogh.
Beogh was greatly pleased with you.
You visited 2 branches of the dungeon, and saw 14 of its levels.

You collected 672 gold pieces.
You spent 42 gold pieces at shops.

Inventory:

Hand Weapons
 a - the +2 broad axe of Law (weapon) {vorpal, *Contam MR+ Int+8 Dex+4}
   (You found it on level 12 of the Dungeon)

   It inflicts extra damage upon your enemies.
   It affects your intelligence (+8).
   It affects your dexterity (+4).
   It affects your resistance to hostile enchantments.
   It causes magical contamination when unequipped.
 l - a +3 battleaxe of flaming
 w - a +2 vorpal hand axe
 A - a +4 spear
Missiles
 c - 4 poisoned darts (quivered)
 f - 145 arrows
 h - 66 sling bullets
 k - 456 stones
 z - 4 boomerangs
 Q - 51 bolts
 Y - 2 throwing nets
Armour
 n - a +0 chain mail of poison resistance
 B - a +0 robe of fire resistance
 K - a +2 helmet (worn)
 R - a cursed +0 plate armour (worn)
 U - a +0 cloak (worn)
Jewellery
 t - an uncursed ring of magical power
 x - a ring of protection from fire (right hand)
 y - an amulet of regeneration (around neck)
 I - an uncursed ring of protection from cold
 J - an uncursed ring of resist corrosion
 S - a +6 ring of strength
Wands
 v - a wand of polymorph (8)
 D - a wand of digging (6)
 N - a wand of enslavement (13)
Scrolls
 d - a scroll of immolation
 i - a scroll of enchant armour
 m - 8 scrolls of remove curse
 r - 7 scrolls of teleportation {unknown}
 u - 2 scrolls of blinking {unknown}
 C - 2 scrolls of amnesia {unknown}
 E - a scroll of enchant weapon
 F - a scroll of holy word {unknown}
 H - a scroll of brand weapon
 L - a scroll of noise {unknown}
 O - a scroll of random uselessness {unknown}
 W - a scroll of fear {unknown}
Potions
 b - 3 potions of brilliance {unknown}
 e - 4 potions of haste {unknown}
 g - 8 potions of heal wounds {unknown}
 j - 5 potions of lignification {unknown}
 o - 4 potions of attraction {unknown}
 p - 7 potions of curing
 q - 2 potions of flight
 s - a potion of berserk rage
 G - a potion of cancellation
 M - a potion of magic
 X - 3 potions of degeneration {unknown}
 Z - 2 potions of mutation


   Skills:
 + Level 10.0 Fighting
 + Level 14.4 Axes
 + Level 1.1 Throwing
 + Level 11.4 Armour
 + Level 4.0 Dodging
 + Level 2.6 Stealth


You had 10 spell levels left.
You didn't know any spells.
Your spell library contained the following spells:

 Spells                   Type           Power        Failure   Level
 Animate Skeleton         Necr           #.....       99%         1
 Apportation              Tloc           #.....       99%         1
 Corona                   Hex            #......      99%         1
 Summon Small Mammal      Summ           #...         99%         1
 Confusing Touch          Hex            #.......     100%        3
 Gell's Gravitas          Tloc           #.........   100%        3
 Petrify                  Tmut/Erth      #.......     100%        4
 Metabolic Englaciation   Hex/Ice        #.........   100%        5
 Yara's Violent Unravell  Hex/Tmut       #.........   100%        5


Dungeon Overview and Level Annotations

Branches:
Dungeon (13/15)            Temple (1/1) D:6            Lair (0/6) D:8
 Vaults (0/5) D:13
    Orc: D:9-12

Altars:
Ashenzari
Cheibriados
Dithmenos
Elyvilon
Fedhas
Gozag
Hepliaklqana
Kikubaaqudgha
Makhleb
Nemelex Xobeh
Okawaru
Qazlal
Ru
Sif Muna
Trog
Uskayaw
Vehumet
Wu Jian
Xom
Yredelemnul
Zin
The Shining One

Shops:
D:7 *   D:11 !

Portals:
Trove: D:12 (give +5 fire dragon scales)

Annotations:
D:3 moth behind grate
D:7 freezing corridor, 3 runed translucent doors, deep water, Demosthentine's ghost, novice FoFi
D:8 2 transporters
D:10 Josephine


Message History

* * * LOW HITPOINT WARNING * * *
Your orc warrior hits something with a +0 flail!!
Beogh accepts your kill.
Reactivating autopickup.
Your Fighting skill increases to level 10!
You feel a bit more experienced.
Your orc warrior looks more experienced.
Something closely misses your orc warrior.
You now have 630 gold pieces (gained 17).
Something hits your orc warrior!
Your orc warrior dies!
You swing at nothing.
Something hits your orc wizard.
Your orc wizard dies!
You swing at nothing.
Something hits you but does no damage.
Deactivating autopickup; reactivate with Ctrl-A.
Something hits you but does no damage.
You miss something. Something hits you.
* * * LOW HITPOINT WARNING * * *
Something hits you.
You die...

#.....# ####....#
#..)..##
.#####..o.##
###### ####.)..
.......o..# ####
#.... .#####....#
####.#.## #....
#.....#
##.#.#.#.## #.###
#.#####
#.#.(...#.# #.#
#.# ##.[..o..##
#.# #.# ##
#.#...o.#.# #.#
#.# ##.###..@)o).#
#.###
#.###.#.#.#{..(.##
#.o.o
#o##.#..).)#.#.#.#
#####
#o###...)?..#.#.##
#o##.#†.(..######
#o###..(†...#
#o##.#.....#.#
#.#.#.#.#.#.##
#..#.#.#.#.##


You could see a friendly orc knight, a friendly orc priest and a friendly orc
wizard.

Vanquished Creatures
  A vault guard (D:13)
  A boulder beetle (D:12)
  Pikel (D:7)
  A cyclops (D:11)
  Prince Ribbit (D:6)
  6 wyverns
  A vampire (D:13)
  9 yaks
  A steam dragon (D:9)
  4 vampire mosquitoes (D:13)
  4 water moccasins (D:8)
  Duvessa (D:7)
  An orc warrior (D:9)
  A sky beast (D:11)
  An ice beast (D:7)
  3 ogres
  A necrophage (D:9)
  2 phantoms
  3 centaurs
  3 lemures (D:7)
  A big kobold (D:9)
  8 bullfrogs
  A wyvern skeleton (D:12)
  Dowan (D:7)
  2 scorpions
  4 howler monkeys
  A centaur zombie (D:8)
  A quasit (D:6)
  2 hounds
  2 jellies (D:5)
  A bullfrog skeleton (D:6)
  A centaur skeleton (D:4)
  Crazy Yiuf (D:7)
  3 iguanas
  5 orc wizards
  10 worker ants
  A hound skeleton (D:4)
  A worker ant zombie (D:4)
  8 gnolls
  A howler monkey skeleton (D:4)
  4 adders
  2 shadow imps
  2 white imps (D:7)
  3 oozes
  3 adder zombies
  2 adder skeletons
  A worm (D:4)
  3 dart slugs
  6 leopard geckos
  22 orcs
  A ball python (D:1)
  9 giant cockroaches
  7 goblins
  7 hobgoblins
  15 jackals
  11 kobolds
  2 quokkas
  13 bats
  4 frilled lizards
  A leopard gecko skeleton (D:9)
  A leopard gecko zombie (D:4)
  13 rats
233 creatures vanquished.

Vanquished Creatures (collateral kills)
  2 unseen horrors (D:13)
  A deep elf mage (D:13)
  2 vampires (D:13)
  2 yaks (D:13)
  2 orc warriors
  2 phantoms (D:13)
  An ogre (D:11)
  An orc wizard (D:13)
  A worker ant (D:9)
  A leopard gecko (D:10)
  An orc (D:10)
  A bat (D:13)
17 creatures vanquished.

Vanquished Creatures (others)
  3 orc warriors (D:13)
  An orc priest (D:12)
  3 orc wizards
  9 orcs
  4 plants (D:8)
  A withered plant (D:4)
21 creatures vanquished.

Grand Total: 271 creatures vanquished

Notes
Turn   | Place    | Note
-------+----------+-------------------------------------------
     0 | D:1      | snetch the Hill Orc Monk began the quest for the Orb.
     0 | D:1      | Reached XP level 1. HP: 19/19 MP: 1/1
    60 | D:1      | Reached XP level 2. HP: 22/27 MP: 2/2
   365 | D:1      | Reached XP level 3. HP: 16/33 MP: 3/3
  1090 | D:2      | Reached skill level 5 in Axes
  1096 | D:2      | Reached XP level 4. HP: 23/40 MP: 4/4
  1386 | D:2      | Reached skill level 1 in Armour
  1901 | D:2      | You fall into a shaft and drop 2 floors!
  2023 | D:3      | Reached XP level 5. HP: 42/46 MP: 5/5
  2231 | D:2      | Reached skill level 1 in Throwing
  3071 | D:3      | Noticed a moth of wrath
  3078 | D:3      | Found a bloodstained altar of Trog.
  3352 | D:3      | You fall into a shaft and drop 3 floors!
  3376 | D:7      | Noticed a phantom
  3399 | D:6      | Reached XP level 6. HP: 48/53 MP: 6/6
  3401 | D:5      | Entered Level 5 of the Dungeon
  3672 | D:4      | Reached skill level 6 in Axes
  4288 | D:4      | Reached skill level 5 in Fighting
  4288 | D:4      | Reached XP level 7. HP: 50/61 MP: 7/7
  5044 | D:5      | Found a broken altar of Ashenzari.
  5078 | D:5      | Found a basalt altar of Yredelemnul.
  5225 | D:6      | Reached skill level 7 in Axes
  5234 | D:6      | Reached skill level 5 in Armour
  5373 | D:6      | Became a worshipper of Beogh the Brigand
  5373 | D:6      | Reached * piety under Beogh
  5373 | D:6      | Reached ** piety under Beogh
  5464 | D:6      | Found a staircase to the Ecumenical Temple.
  5497 | D:7      | Reached XP level 8. HP: 69/69 MP: 8/8
  5548 | D:6      | Noticed Prince Ribbit
  5559 | D:6      | Killed Prince Ribbit
  5559 | D:6      | Reached skill level 8 in Axes
  6076 | Temple   | Entered the Ecumenical Temple
  6241 | D:7      | Noticed Pikel
  6511 | D:7      | Killed Pikel
  6511 | D:7      | Reached skill level 9 in Axes
  6511 | D:7      | Reached XP level 9. HP: 51/78 MP: 9/9
  6756 | D:7      | Noticed Demosthentine's ghost (novice FoFi)
  6759 | D:7      | Found a runed translucent gate.
  6759 | D:7      | Found a runed translucent gate.
  6759 | D:7      | Found a runed translucent gate.
  6837 | D:7      | Found Nitwu's General Store.
  7125 | D:7      | Noticed Duvessa
  7125 | D:7      | Noticed Dowan
  7138 | D:7      | Killed Dowan
  7141 | D:7      | Killed Duvessa
  7141 | D:7      | Reached skill level 10 in Axes
  7654 | D:7      | Found a runed translucent door.
  7655 | D:7      | Noticed Crazy Yiuf
  7667 | D:7      | Killed Crazy Yiuf
  7997 | D:8      | Found a hazy altar of Hepliaklqana.
  8015 | D:8      | Found a hide-covered altar of Uskayaw.
  8276 | D:8      | Found a transporter.
  8277 | D:8      | Found a radiant altar of Vehumet.
  8278 | D:8      | Noticed a cyclops
  8301 | D:8      | Found a transporter.
  8703 | D:8      | Found a staircase to the Lair.
  8730 | D:8      | Reached skill level 11 in Axes
  8730 | D:8      | Reached XP level 10. HP: 60/86 MP: 10/10
  8748 | D:8      | Reached *** piety under Beogh
  9080 | D:8      | Reached skill level 12 in Axes
  9248 | D:8      | Found a sacrificial altar of Ru.
  9437 | D:9      | Found a glowing golden altar of the Shining One.
  9772 | D:10     | Entered Level 10 of the Dungeon
  9772 | D:10     | Noticed Josephine
  9835 | D:10     | Reached skill level 10 in Armour
 10786 | D:11     | Found Gugh's Distillery.
 10865 | D:11     | You fall into a shaft and drop 1 floor!
 10924 | D:12     | Found a portal to a secret trove of treasure.
 10973 | D:12     | Noticed a boulder beetle
 10975 | D:12     | Reached skill level 13 in Axes
 11059 | D:11     | Noticed a cyclops
 11064 | D:11     | Killed a cyclops
 11064 | D:11     | Reached XP level 11. HP: 73/97 MP: 11/11
 11223 | D:11     | Bought a potion of curing for 42 gold pieces
 11507 | D:12     | Killed a boulder beetle
 11689 | D:12     | Found a broken altar of Ashenzari.
 11784 | D:12     | Got a faintly glowing broad axe
 11785 | D:12     | Identified the +2 broad axe of Law {vorpal, *Contam MR+
                  | Int+8 Dex+4} (You found it on level 12 of the Dungeon)
 11947 | D:13     | Found a gate to the Vaults.
 11947 | D:13     | Noticed a vault guard
 11959 | D:13     | Killed a vault guard
 11964 | D:13     | Reached **** piety under Beogh
 12305 | D:13     | Noticed a deep elf mage
 12314 | D:13     | Killed a deep elf mage
 12314 | D:13     | Reached skill level 14 in Axes
 12485 | D:13     | Killed an unseen horror
 12502 | D:13     | HP: 3/99 [something (6)]
 12521 | D:13     | Killed an unseen horror
 12521 | D:13     | Reached skill level 10 in Fighting
 12526 | D:13     | HP: 4/99 [something (5)]
 12527 | D:13     | Slain by an unseen horror

Illustrated notes

Levels and vault maps discovered:
D:1:      dpeg_arrival_shrine, layout_rooms
D:2:      layout_basic, chequers_serial_rivers_room_b
D:3:      layout_basic, tgw_trog
D:4:      layout_loops_ring, serial_undead, serial_undead_d, serial_undead_c,
          serial_undead_c, serial_undead_a, chequers_serial_rivers_micro_e,
          kennysheep_generic_room_16
D:5:      layout_cave_pools, kennysheep_mini, marbit_many_paths
D:6:      layout_basic, temple_statues, uniq_prince_ribbit1
D:7:      lemuel_ice_spiral_2, layout_rooms, serial_rivers,
          chequers_serial_rivers_micro_e, chequers_serial_rivers_small_3,
          chequers_serial_rivers_room_b, chequers_serial_rivers_large_a,
          chequers_serial_rivers_micro_a, serial_shops, shop,
          gammafunk_ghost_split, uniq_crazy_yiuf_cottage, uniq_duvessa,
          uniq_pikel
D:8:      layout_basic, nicolae_ru_path_of_blood, lemuel_round_altar,
          eat_drink_and_be_merry_uskayaw, gammafunk_temple_overflow_arena,
          minmay_lair_entry_grove, kennysheep_generic_room_7
D:9:      layout_stronghold, tso_metal_star
D:10:     layout_irregular_city, serial_shops, shop,
          minmay_fractal_squares_gapless_5, uniq_josephine, uniq_sonja
D:11:     layout_cave_pools, serial_shops, nicolae_shop_window_shopping
D:12:     layout_loops_corners, minmay_orc_entry_temple_small, basic_altar,
          nicolae_trove_entry_crossroad, evilmike_ruin_ashenzari
D:13:     layout_basic, david_vaults_5, gauntlet_entry_generic, serial_shops,
          shop, hangedman_batty
Temple:   regret_index_temple_waves

Skill      XL: |  1  2  3  4  5  6  7  8  9 10 11 |
---------------+----------------------------------+-----
Stealth        | 2 |  2.6
Fighting       | 4 5 6 7 9 10 | 10.0
Axes           | 5 6 7 9 11 13 14 | 14.4
Armour         | 1 2 4 5 7 9 10 11 | 11.4
Throwing       | 1 |  1.1
Dodging        | 3 4 |  4.0

Action                   |  1- 3 |  4- 6 |  7- 9 | 10-12 || total
-------------------------+-------+-------+-------+-------++-------
Melee: Hand axe          |   113 |   225 |   308 |   144 ||   790
       Battleaxe         |       |       |       |    49 ||    49
       Broad axe         |       |       |       |    76 ||    76
Throw: Dart              |    11 |    11 |       |       ||    22
       Stone             |       |     1 |       |       ||     1
Invok: Convert to Beogh  |       |       |     1 |       ||     1
  Use: Scroll            |       |       |     2 |     9 ||    11
       Potion            |       |       |       |     1 ||     1
 Stab: Sleeping          |     2 |       |       |       ||     2
Armor: Robe              |    15 |       |       |       ||    15
       Leather armour    |    16 |       |       |       ||    16
       Chain mail        |       |   148 |   157 |    53 ||   358
       Plate armour      |       |       |       |   130 ||   130
Dodge: Dodged            |    88 |   114 |   135 |   103 ||   440

Table legend: (Time is in decaauts)
 A = Elapsed time spent in this place.
 B = Non-inter-level travel time spent in this place.
 C = Inter-level travel time spent in this place.
 D = Time resting spent in this place.
 E = Time spent auto-exploring this place.
 F = Levels seen in this place.
 G = Mean time per level.
                   A        B        C        D        E       F      G
               +--------+--------+--------+--------+--------+-----+--------+
         Total |  12501 |  11835 |    666 |   1186 |   6951 |  14 |  892.9 |
       Dungeon |  12378 |  11727 |    651 |   1186 |   6844 |  13 |  952.2 |
        Temple |    123 |    108 |     15 |      0 |    107 |   1 |  123.0 |
               +--------+--------+--------+--------+--------+-----+--------+

Top non-repeatable levels by time:
     D:2: 1504 daAuts
     D:8: 1419 daAuts
     D:7: 1313 daAuts
     D:6: 1265 daAuts
     D:9: 1148 daAuts
     D:1: 1054 daAuts
     D:3: 980 daAuts
     D:4: 811 daAuts
     D:5: 806 daAuts
    D:13: 682 daAuts
    D:11: 667 daAuts
    D:12: 514 daAuts
    D:10: 210 daAuts
  Temple: 123 daAuts
